 Dungeon Crawl Stone Soup version 0.27-a0-1202-ge72e49191c (webtiles) character file.

Game seed: 12802920279432310851

27563 mordus the Grappler (level 13, -2/196 HPs)
             Began as a Troll Monk on June 4, 2021.
             Succumbed to a cane toad's poison
             ... on level 2 of the Lair of Beasts.
             The game lasted 00:15:52 (10281 turns).

mordus the Grappler (Troll Monk)                   Turns: 10281, Time: 00:15:53

Health: -2/196     AC: 15    Str: 24    XL:     13   Next: 5%
Magic:  0/12       EV: 10    Int:  6    God:
Gold:   695        SH:  0    Dex: 14    Spells: 12/12 levels left

rFire    . . .     SeeInvis .     - Unarmed
rCold    . . .     Faith    .   (no shield)
rNeg     . . .     Spirit   +   z - +1 steam dragon scales
rPois    .         Reflect  .   (helmet restricted)
rElec    .         Harm     .   D - +0 cloak
rCorr    .         Rampage  .   (gloves unavailable)
Will     .....                  (boots unavailable)
Stlth    ..........             H - amulet of guardian spirit
HPRegen  1.42/turn              b - +4 ring of protection
MPRegen  0.13/turn              y - +4 ring of slaying

@: berserking, lethally poisoned (-2 -> -35), slowed
A: large, unfitting armour, claws 3, regeneration 1, shaggy fur 1, tough skin 1
a: no special abilities


You were on level 2 of the Lair of Beasts.
You visited 2 branches of the dungeon, and saw 13 of its levels.

You collected 705 gold pieces.
You spent 10 gold pieces at shops.

Inventory:

Hand Weapons
 p - a +2 whip of freezing
 w - a +3 vampiric morningstar
Missiles
 g - 3 curare-tipped darts (quivered)
Armour
 o - a +1 robe of willpower
 z - +1 steam dragon scales (worn)
 D - a +0 cloak (worn)
Jewellery
 b - a +4 ring of protection (left claw)
 i - a +6 ring of dexterity
 x - a +6 ring of intelligence
 y - a +4 ring of slaying (right claw)
 C - a +6 ring of intelligence
 F - a ring of protection from cold
 H - an amulet of guardian spirit (around neck)
Wands
 a - a wand of flame (87)
 q - a wand of acid (9)
 r - a wand of polymorph (6)
 t - a wand of digging (4)
 I - a wand of paralysis (8)
Scrolls
 h - a scroll of brand weapon
 l - 5 scrolls of teleportation
 m - 2 scrolls of enchant armour
 s - 3 scrolls of identify {unknown}
 u - 2 scrolls of noise
 A - 4 scrolls of enchant weapon
 G - 3 scrolls of amnesia {unknown}
 K - a scroll of summoning {unknown}
Potions
 c - a potion of heal wounds
 d - 2 potions of invisibility
 e - 2 potions of brilliance
 f - a potion of berserk rage
 j - a potion of cancellation {unknown}
 k - a potion of haste
 n - a potion of mutation {unknown}
 v - a potion of ambrosia {unknown}
 B - a potion of might {unknown}
 E - 2 potions of curing {unknown}
 J - a potion of attraction {unknown}


   Skills:
 + Level 9.4 Fighting
 + Level 5.9 Maces & Flails
 + Level 9.0 Armour
 - Level 2.4 Dodging
 - Level 1.0 Stealth
 * Level 14.8 Unarmed Combat


You had 12 spell levels left.
You didn't know any spells.
Your spell library contained the following spells:

 Spells                   Type           Power      Damage    Failure   Level
 Sandblast                Erth           0%         2d4       45%         1
 Passwall                 Tmut/Erth      0%         N/A       58%         2
 Confusing Touch          Hex            0%         N/A       83%         3
 Gell's Gravitas          Tloc           0%         N/A       83%         3
 Stone Arrow              Conj/Erth      0%         3d7       83%         3
 Petrify                  Tmut/Erth      0%         N/A       99%         4
 Lee's Rapid Deconstruct  Erth           0%         3d5*      100%        5
 Metabolic Englaciation   Hex/Ice        0%         N/A       100%        5
 Yara's Violent Unravell  Hex/Tmut       0%         3d3       100%        5


Dungeon Overview and Level Annotations

Branches:
Dungeon (10/15)              Lair (3/6) D:10          Swamp (0/4) Lair:3
    Orc (0/2) D:9
 Temple: D:4-7        Snake: Lair:2-4    Spider: Lair:2-4

Altars:
Cheibriados
Fedhas
Nemelex Xobeh
Okawaru
Qazlal
Ru
Trog
Vehumet
Wu Jian
The Shining One

Shops:
D:3 !

Annotations:
D:10 3 runed translucent doors, robertstho's ghost, journeyman DjFE


Innate Abilities, Weirdness & Mutations

You are too large for most types of armour.
You have claws for hands.
Your natural rate of healing is unusually fast.
You are covered in fur. (AC +1)
You have tough skin. (AC +1)


Message History

The cane toad stings you!!
* * * LOW HITPOINT WARNING * * *
The cane toad stings you but does no damage.
The hornet stings you.
* * * LOW HITPOINT WARNING * * *
You feel as though you will be slow longer.
You are too injured to fight recklessly!
Unknown command.
You are too injured to fight recklessly!
Unknown command.
You are too injured to fight recklessly!
Unknown command.
You are too injured to fight recklessly!
You closely miss the cane toad. You claw the cane toad!
The cane toad is almost dead.
You feel very sick. The cane toad barely misses you.
The hornet barely misses you. The cane toad stings you!!
* * * LOW HITPOINT WARNING * * *
The cane toad stings you but does no damage.
You claw the cane toad!
The cane toad is moderately wounded.
You feel very sick. The hornet closely misses you. The cane toad stings you.
* * * LOW HITPOINT WARNING * * *
You are more poisoned.
The cane toad poisons you! The cane toad stings you.
* * * LOW HITPOINT WARNING * * *
You are more poisoned.
The cane toad poisons you! The cane toad stings you.
* * * LOW HITPOINT WARNING * * *
Unknown command.
You mangle the hornet!!
You kill the hornet!
* * * LOW HITPOINT WARNING * * *
You feel extremely sick.
The cane toad stings you but does no damage. x2
You are too berserk!
You miss the hornet.
You die...

.................................
...............................P.
...............<...............#P
...............................##
.......###'''###........>.......#
.#######8P..†.♣#######..........#
.# #........♣#Y.P♣#.........## .#
#<........FF..P#......... .#
#...≈≈P...@FY..#..........# .#
#P.P≈≈≈P.♣#yY..#..........# .#
##♣#####♣#♣#''##........... .#
≈≈≈≈ ♣...♣♣........... .# .P≈≈
♣...♣♣........... .# .....
#Y..♣#........... .# ...
♣...≈#........... .#
♣..≈≈#....>...... .♣
♣.Y.†..≈≈#..........#


You could see 3 yaks, 3 cane toads and a hornet.

Vanquished Creatures
  Josephine (D:10)
  A hydra (Lair:2)
  Erica (Lair:1)
  Sonja (Lair:1)
  4 elephants
  3 black mambas
  2 centaur zombies
  Maurice (D:8)
  5 cane toads
  Maggie (Lair:1)
  3 komodo dragons
  A rime drake (Lair:2)
  2 hornets (Lair:2)
  12 blink frogs
  A polar bear (Lair:3)
  2 wyverns (D:10)
  38 yaks
  2 basilisks
  7 wraiths
  Eustachio (D:5)
  2 steam dragons
  2 swamp worms (Lair:3)
  Menkaure (D:5)
  13 water moccasins
  An ice beast (D:6)
  6 orc warriors
  A sky beast (D:6)
  4 black bears
  8 necrophages
  35 wolves
  A phantom (D:6)
  A centaur (D:7)
  Blork the orc (D:5)
  A scorpion (D:2)
  A gnoll sergeant (D:5)
  8 bullfrogs
  4 wights (D:9)
  3 howler monkeys (D:10)
  A bullfrog zombie (D:6)
  4 jellies
  A centaur skeleton (D:7)
  A gnoll shaman (D:5)
  5 orc priests
  3 hounds
  Jessica (D:3)
  13 orc wizards
  2 howler monkey zombies
  12 gnolls
  7 adders
  A howler monkey skeleton (D:5)
  An ufetubus (D:4)
  3 worms
  3 dart slugs
  30 orcs
  7 ball pythons
  4 bats
  7 endoplasms
  A giant cockroach (D:1)
  6 goblins
  7 hobgoblins
  16 jackals
  2 kobolds
  3 quokkas
  2 frilled lizards
  16 rats
341 creatures vanquished.

Vanquished Creatures (others)
  9 fungi
  23 plants
32 creatures vanquished.

Grand Total: 373 creatures vanquished

Notes
Turn   | Place    | Note
-------+----------+-------------------------------------------
     0 | D:1      | mordus the Troll Monk began the quest for the Orb.
     0 | D:1      | Reached XP level 1. HP: 22/22 MP: 0/0
   144 | D:1      | Found a faded altar of an unknown god.
   169 | D:1      | Reached XP level 2. HP: 29/29 MP: 1/1
  1195 | D:2      | Reached XP level 3. HP: 36/36 MP: 2/2
  1321 | D:2      | Reached skill level 1 in Armour
  1466 | D:2      | Noticed a scorpion
  1480 | D:2      | Reached skill level 4 in Unarmed Combat
  1483 | D:2      | Killed a scorpion
  1484 | D:2      | Reached skill level 1 in Maces & Flails
  1484 | D:2      | Reached XP level 4. HP: 26/45 MP: 3/3
  1700 | D:2      | Found a snail-covered altar of Cheibriados.
  1734 | D:2      | Reached XP level 5. HP: 42/53 MP: 4/4
  2474 | D:3      | Found Loinniba's Distillery.
  2483 | D:3      | Bought a potion of degeneration for 10 gold pieces
  2518 | D:3      | Noticed Jessica
  2531 | D:3      | Killed Jessica
  3093 | D:4      | You fall into a shaft and drop 1 floor!
  3093 | D:5      | Entered Level 5 of the Dungeon
  3094 | D:5      | Noticed Blork the orc
  3100 | D:5      | Killed Blork the orc
  3101 | D:5      | Reached skill level 5 in Unarmed Combat
  3101 | D:5      | Reached XP level 6. HP: 61/61 MP: 5/5
  3121 | D:5      | Noticed Menkaure
  3166 | D:5      | Killed Menkaure
  3225 | D:5      | Reached XP level 7. HP: 68/68 MP: 6/6
  3281 | D:5      | Found a blossoming altar of Fedhas.
  3371 | D:5      | Reached skill level 6 in Unarmed Combat
  3371 | D:5      | Noticed Eustachio
  3392 | D:5      | Killed Eustachio
  3818 | D:5      | Reached XP level 8. HP: 52/79 MP: 7/7
  3822 | D:5      | Reached skill level 7 in Unarmed Combat
  4403 | D:6      | Reached skill level 8 in Unarmed Combat
  4533 | D:6      | Reached skill level 5 in Fighting
  4609 | D:6      | Reached XP level 9. HP: 45/88 MP: 8/8
  4984 | D:7      | Found a radiant altar of Vehumet.
  4986 | D:7      | Found a glowing golden altar of the Shining One.
  4987 | D:7      | Found a sparkling altar of Nemelex Xobeh.
  4990 | D:7      | Found an iron altar of Okawaru.
  4991 | D:7      | Found a sacrificial altar of Ru.
  4992 | D:7      | Found an ornate altar of the Wu Jian Council.
  5032 | D:7      | Found a bloodstained altar of Trog.
  5569 | D:8      | Reached skill level 5 in Maces & Flails
  5569 | D:8      | Reached skill level 9 in Unarmed Combat
  5635 | D:8      | Reached skill level 5 in Armour
  5687 | D:8      | Noticed Maurice
  5729 | D:8      | Killed Maurice
  5770 | D:8      | Reached XP level 10. HP: 88/98 MP: 9/9
  6000 | D:8      | Reached skill level 10 in Unarmed Combat
  6524 | D:9      | Noticed a manticore
  6525 | D:9      | Noticed a two-headed ogre
  6558 | D:9      | Found a staircase to the Orcish Mines.
  6737 | D:10     | Entered Level 10 of the Dungeon
  6777 | D:10     | Found a runed translucent gate.
  6777 | D:10     | Found a runed translucent gate.
  6778 | D:10     | Found a runed translucent gate.
  6781 | D:10     | Noticed robertstho's ghost (journeyman DjFE)
  6831 | D:10     | Reached skill level 11 in Unarmed Combat
  7055 | D:10     | Noticed Josephine
  7063 | D:10     | Killed Josephine
  7064 | D:10     | Reached XP level 11. HP: 92/109 MP: 7/10
  7368 | D:10     | Found a staircase to the Lair.
  7392 | Lair:1   | Entered Level 1 of the Lair of Beasts
  7392 | Lair:1   | Found a stormy altar of Qazlal.
  7407 | Lair:1   | Reached skill level 12 in Unarmed Combat
  7562 | Lair:1   | Noticed Sonja
  7757 | Lair:1   | Killed Sonja
  7844 | Lair:1   | Reached skill level 13 in Unarmed Combat
  7940 | Lair:1   | Noticed Maggie
  7949 | Lair:1   | Killed Maggie
  7974 | Lair:1   | Reached XP level 12. HP: 85/122 MP: 7/11
  7998 | Lair:1   | Noticed Erica
  8003 | Lair:1   | Killed Erica
  8541 | Lair:2   | Noticed a four-headed hydra
  8554 | Lair:2   | Killed a four-headed hydra
  8633 | Lair:2   | You fall into a shaft and drop 1 floor!
  8882 | Lair:3   | Found a staircase to the Swamp.
  8890 | Lair:3   | Reached skill level 14 in Unarmed Combat
 10230 | Lair:2   | Reached XP level 13. HP: 110/131 MP: 9/12
 10271 | Lair:2   | Paralysed by a hornet for 2 turns
 10280 | Lair:2   | HP: 5/196 [poisoned by a cane toad]
 10281 | Lair:2   | Succumbed to a cane toad's poison

Illustrated notes

Levels and vault maps discovered:
D:1:      dpeg_arrival_line_fractal, layout_basic,
          hellmonk_ecumenical_altar_blasted, minmay_rat_gold_closets
D:2:      layout_basic, basic_altar, dk_vineyard_1
D:3:      layout_loops_corners, serial_shops, shop_statue,
          kennysheep_jessica_study
D:4:      layout_basic, minmay_temple_entry_butterflies, st_stairs_3,
          nrook_campfire
D:5:      layout_layer_cave, fedhas_altar_1, uniq_menkaure, uniq_blork_the_orc,
          uniq_eustachio
D:6:      layout_cave_pools
D:7:      layout_cave_pools, minitemple, kennysheep_little_box
D:8:      layout_loops_ring, grunt_ministairs_11, uniq_maurice
D:9:      layout_rooms, orc_0_dummy, minivault_14, nrook_loot_triangle,
          st_stairs_7, lightli_corner_chamber
D:10:     layout_loops_ring, david_lair_generic, ebering_ghost_rock_garden,
          uniq_josephine
Lair:1:   layout_regular_city, basic_altar, grunt_megastairs_3, uniq_maggie,
          uniq_sonja, uniq_erica
Lair:2:   cheibrodos_lair_overgrown_chateau, layout_regular_city, minivault_25,
          roderic_carrion_pond
Lair:3:   layout_chaotic_city, minmay_swamp_entry_worms, gauntlet_entry_generic

Skill      XL: |  1  2  3  4  5  6  7  8  9 10 11 12 |
---------------+-------------------------------------+-----
Armour         | 1 2 3 4 5 6 7 9 |  9.0
Unarmed Combat | 4 5 6 8 9 11 13 14 | 14.8
Fighting       | 3 4 5 6 7 8 9 |  9.4
Maces & Flails | 1 2 3 4 5 |  5.9
Dodging        | |  2.4
Stealth        | |  1.0

Action                   |  1- 3 |  4- 6 |  7- 9 | 10-12 | 13-15 || total
-------------------------+-------+-------+-------+-------+-------++-------
Melee: Unarmed           |   108 |   154 |   228 |   546 |    14 ||  1050
       Punch             |       |     2 |     7 |    50 |     2 ||    61
       Morningstar       |       |       |       |     4 |       ||     4
  Use: Scroll            |       |       |     8 |       |       ||     8
       Potion            |       |       |       |     4 |     1 ||     5
 Stab: Sleeping          |     6 |       |     3 |     3 |       ||    12
       Invisible         |       |       |       |     2 |       ||     2
Armor: Robe              |    26 |    41 |    48 |       |       ||   115
       Skin              |       |       |    34 |     2 |       ||    36
       Steam dragon scal |       |       |    48 |   289 |    18 ||   355
Dodge: Dodged            |    45 |    89 |   161 |   250 |    11 ||   556

Table legend: (Time is in decaauts)
 A = Elapsed time spent in this place.
 B = Non-inter-level travel time spent in this place.
 C = Inter-level travel time spent in this place.
 D = Time resting spent in this place.
 E = Time spent auto-exploring this place.
 F = Levels seen in this place.
 G = Mean time per level.
                   A        B        C        D        E       F      G
               +--------+--------+--------+--------+--------+-----+--------+
         Total |  10151 |   9946 |    205 |    167 |   7769 |  13 |  780.8 |
       Dungeon |   7336 |   7145 |    191 |     79 |   5748 |  10 |  733.6 |
          Lair |   2814 |   2801 |     13 |     88 |   2020 |   3 |  938.0 |
               +--------+--------+--------+--------+--------+-----+--------+

Top non-repeatable levels by time:
     D:1: 1127 daAuts
  Lair:1: 1121 daAuts
     D:5: 989 daAuts
     D:8: 944 daAuts
     D:3: 922 daAuts
  Lair:2: 847 daAuts
  Lair:3: 846 daAuts
     D:2: 817 daAuts
    D:10: 668 daAuts
     D:6: 622 daAuts
     D:9: 541 daAuts
     D:7: 495 daAuts
     D:4: 207 daAuts
